 Dungeon Crawl Stone Soup version 0.19.1-1-g22dce08 (webtiles) character file.

2594 Kwzr the Summoner (level 9, 0/45 HPs)
             Began as a Tengu Summoner on Jan 8, 2017.
             Was a Priest of Vehumet.
             Slain by a yak (12 damage)
             ... on level 9 of the Dungeon.
             The game lasted 01:20:44 (10254 turns).

Kwzr the Summoner (Tengu Summoner)                 Turns: 10254, Time: 01:20:44

Health: 0/45       AC:  9    Str:  8    XL:     9   Next: 58%
Magic:  7/20       EV: 14    Int: 19    God:    Vehumet [***...]
Gold:   264        SH:  0    Dex: 15    Spells: 5 memorised, 6 levels left

rFire  . . .     SeeInvis .     b - +0 hunting sling
rCold  . . .     Gourm    .     q - +3 leather armour
rNeg   . . .     Faith    .     (no shield)
rPois  .         Spirit   .     (helmet restricted)
rElec  .         Reflect  .     G - +0 cloak {+Inv}
rCorr  .         Harm     .     (no gloves)
MR     .....                    (boots unavailable)
Stlth  +++.......               (no amulet)
                                C - ring of stealth
                                v - +2 ring of protection

@: very slightly contaminated, invisible
A: beak, talons 3, screaming 1, able to fly 1
a: Fly, Renounce Religion, Turn Visible


You were on level 9 of the Dungeon.
You worshipped Vehumet.
Vehumet was most pleased with you.
You were hungry.

You visited 2 branches of the dungeon, and saw 10 of its levels.

You collected 264 gold pieces.

Inventory:

Hand Weapons
 a - a +1 short sword of draining
 b - a +0 hunting sling (weapon)
 e - a +5 short sword of protection
 w - a +1 trident of freezing
 N - a +0 short sword of venom
 P - a +2 falchion of distortion
 Q - a +1 dagger of distortion
Missiles
 h - 46 sling bullets (quivered)
 i - 38 bolts
 k - 7 exploding tomahawks
 s - 243 stones
 t - a throwing net
Armour
 j - a +0 robe
 q - a +3 leather armour (worn)
 y - a cursed +0 robe
 G - a +0 cloak of invisibility (worn)
 L - a +0 cloak
Jewellery
 v - a +2 ring of protection (left hand)
 C - a ring of stealth (right hand)
 E - an uncursed ring of ice
Wands
 d - a wand of paralysis (14/24)
 f - a wand of disintegration (15/24)
 I - a wand of iceblast (11/15)
 R - a wand of flame (38/48)
Scrolls
 l - 5 scrolls of remove curse
 o - a scroll of amnesia
 M - 2 scrolls of identify
Potions
 p - 2 potions of curing
 r - a potion of invisibility
 u - a potion of magic
 B - a potion of cancellation
 D - 3 potions of might
 H - 3 potions of brilliance
 K - a potion of agility
Books
 c - a book of Necromancy

   Spells                             Type                      Level
   a - Pain                           Necromancy                   1
   b - Animate Skeleton               Necromancy                   1
   c - Vampiric Draining              Necromancy                   3
   d - Regeneration                   Charms/Necromancy            3
   e - Animate Dead                   Necromancy                   4
   f - Control Undead                 Necromancy                   4
 A - a book of Callings

   Spells                             Type                      Level
   a - Summon Small Mammal            Summoning                    1
   b - Call Imp                       Summoning                    2
   c - Call Canine Familiar           Summoning                    3
   d - Summon Guardian Golem          Hexes/Summoning              3
   e - Summon Lightning Spire         Summoning/Air                4
   f - Summon Ice Beast               Ice/Summoning                4
 J - a book of Misfortune

   Spells                             Type                      Level
   a - Confusing Touch                Hexes                        1
   b - Confuse                        Hexes                        3
   c - Gell's Gravitas                Hexes/Translocation          3
   d - Petrify                        Transmutation/Earth          4
   e - Metabolic Englaciation         Hexes/Ice                    5
   f - Yara's Violent Unravelling     Hexes/Transmutation          5
Comestibles
 g - 8 beef jerkies
 m - 8 bread rations
 n - 3 fruits
 z - 2 meat rations
 F - a royal jelly
 O - 7 chunks of flesh


   Skills:
 - Level 5.0 Dodging
 - Level 2.0 Stealth
 * Level 6.7 Spellcasting
 + Level 0.0 Conjurations
 - Level 4.0 Hexes
 * Level 8.9 Summonings
 - Level 6.4 Air Magic


You had 6 spell levels left.
You knew the following spells:

 Your Spells              Type           Power        Failure   Level  Hunger
a - Dazzling Spray        Conj/Hex       ##....       5%          3    ##.....
b - Summon Guardian Gole  Hex/Summ       ####....     3%          3    ##.....
c - Confuse               Hex            ###.....     12%         3    ##.....
d - Summon Lightning Spi  Summ/Air       #####...     10%         4    ####...
z - Call Imp              Summ           #####...     1%          2    None


Dungeon Overview and Level Annotations

Branches:
Dungeon (9/15)             Temple (1/1) D:5            Lair (0/6) D:9
    Orc: D:9-12

Altars:
Cheibriados
Dithmenos
Fedhas
Gozag
Hepliaklqana
Kikubaaqudgha
Ru
Sif Muna
Trog
Vehumet
Xom
Yredelemnul
The Shining One

Annotations:
D:6 awk's ghost, novice DsBe
D:8 Grum


Innate Abilities, Weirdness & Mutations

You have a beak for a mouth.
You have claws for feet.
You can fly.
You occasionally shout uncontrollably at your foes.


Message History

The yak gores the plant but does no damage.
The porcupine completely misses the bush.
The yak misses you. The yak closely misses you.
The porcupine bites the bush but does no damage.
The yak gores the plant but does no damage.
The hound bites you but does no damage.
The hound closely misses your shadow imp.
Your shadow imp hits the yak.
The yak completely misses you.
Unknown command.
You feel better. The yak gores you.
* * * LOW HITPOINT WARNING * * *
The yak gores the bush but does no damage.
The yak gores the plant but does no damage.
The hound closely misses you.
The porcupine bites the bush!
The hound bites your shadow imp.
Your shadow imp dies!
The porcupine bites the plant.
The porcupine bites the bush but does no damage.
The yak closely misses you. The yak gores you!
You die...

....... ..#
............###
..........c...
............#####
#..... ..#......
.... .YYPP....
#.###Yr......
##..Y@Yr.r....
#.<.#hYPYPPt..
#..#hYYrrPP...
#..#.YrYYPP...
......♣rPY..>..
.##......♣....♣.
# #.......P..../
.......P..♣....
..#.##.....P..♣


You could see 13 yaks, a crocodile, a centaur, 4 porcupines, 2 hounds and 3
river rats.

Vanquished Creatures
  Eustachio (D:3)
  3 ogres
  2 wolves (D:8)
  4 centaurs
  A water moccasin skeleton (D:6)
  A scorpion (D:7)
  A crimson imp (D:6)
  2 bullfrog zombies
  2 hounds
  3 jellies
  3 orc priests
  3 orc wizards
  An iguana (D:5)
  2 worker ants
  Robin (D:3)
  2 adders
  A shadow imp (D:5)
  An adder skeleton (D:6)
  An adder zombie (D:6)
  A worm (D:3)
  3 leopard geckos
  9 orcs
  4 giant cockroaches (D:3)
  3 hobgoblins
  3 jackals
  4 kobolds
  4 quokkas
  A ball python (D:4)
  4 bats
  2 frilled lizards
  6 goblins
  A quokka skeleton (D:7)
  3 rats (D:3)
83 creatures vanquished.

Vanquished Creatures (collateral kills)
  Psyche (D:8)
  A hippogriff (D:8)
  An orc warrior (D:6)
  An eye of draining (D:8)
  An ogre (D:8)
  A sky beast (D:7)
  2 necrophages
  A centaur (D:3)
  A crocodile (D:9)
  A big kobold (D:7)
  A bullfrog (D:8)
  2 scorpions
  A crimson imp (D:7)
  A bullfrog zombie (D:5)
  A hound (D:7)
  A centaur skeleton (D:4)
  An orc priest (D:7)
  An iguana (D:6)
  A bullfrog skeleton (D:8)
  3 orc wizards
  Natasha (thrice) (D:4)
  3 worker ants
  A hound skeleton (D:4)
  10 adders
  A river rat (D:9)
  An ooze (D:1)
  An adder skeleton (D:5)
  2 adder zombies
  A dart slug (D:1)
  3 leopard geckos
  13 orcs
  3 giant cockroaches
  11 goblins
  4 hobgoblins
  10 jackals
  A quokka (D:2)
  2 bats
  5 kobolds
  A quokka zombie (D:7)
  4 rats
104 creatures vanquished.

Vanquished Creatures (others)
  An orc warrior (D:7)
1 creature vanquished.

Grand Total: 188 creatures vanquished

Notes
Turn   | Place    | Note
-------+----------+-------------------------------------------
     0 | D:1      | Kwzr the Tengu Summoner began the quest for the Orb.
     0 | D:1      | Reached XP level 1. HP: 10/10 MP: 4/4
   643 | D:1      | Reached XP level 2. HP: 12/15 MP: 3/6
   647 | D:1      | Learned a level 2 spell: Call Imp
  1174 | D:1      | Reached skill level 5 in Summonings
  1739 | D:2      | Reached XP level 3. HP: 19/19 MP: 7/7
  2199 | D:2      | Found a radiant altar of Vehumet.
  2212 | D:2      | Became a worshipper of Vehumet
  2393 | D:3      | Reached XP level 4. HP: 17/24 MP: 9/9
  2415 | D:3      | Noticed a centaur
  2427 | D:3      | Killed a centaur
  2560 | D:3      | Noticed Robin
  2581 | D:3      | Gained mutation: You can fly. [Tengu growth]
  2581 | D:3      | Reached XP level 5. HP: 14/28 MP: 7/10
  2596 | D:3      | Killed Robin
  2791 | D:3      | Found a glowing drain.
  2813 | D:3      | Reached * piety under Vehumet
  2813 | D:3      | Offered knowledge of Sandblast by Vehumet.
  3443 | D:4      | Noticed Eustachio
  3825 | D:3      | Killed Eustachio
  3825 | D:3      | Reached XP level 6. HP: 6/32 MP: 6/13
  4233 | D:4      | Found a basalt altar of Yredelemnul.
  4362 | D:4      | Reached skill level 6 in Summonings
  4411 | D:4      | Noticed Natasha
  4423 | D:4      | Killed Natasha
  4725 | D:4      | Noticed Natasha
  4731 | D:4      | Killed Natasha
  4857 | D:4      | Noticed Natasha
  4867 | D:4      | Killed Natasha
  4906 | D:5      | Entered Level 5 of the Dungeon
  5060 | D:5      | Learned a level 3 spell: Summon Guardian Golem
  5064 | D:5      | Learned a level 3 spell: Confuse
  5069 | D:5      | Learned a level 4 spell: Summon Lightning Spire
  5113 | D:5      | Reached XP level 7. HP: 36/36 MP: 12/15
  5207 | D:5      | Reached skill level 5 in Spellcasting
  5249 | D:5      | Found a shimmering altar of Xom.
  5250 | D:5      | Found a hazy altar of Hepliaklqana.
  5250 | D:5      | Noticed a caustic shrike
  5251 | D:5      | Noticed a caustic shrike
  5251 | D:5      | Noticed a spectral ugly thing
  5314 | D:5      | Reached ** piety under Vehumet
  5314 | D:5      | Offered knowledge of Freeze by Vehumet.
  5314 | D:5      | Reached skill level 5 in Dodging
  5328 | D:5      | Found a sacrificial altar of Ru.
  5328 | D:5      | Found a snail-covered altar of Cheibriados.
  5329 | D:5      | Found a bloodstained altar of Trog.
  5475 | D:5      | Found a staircase to the Ecumenical Temple.
  5482 | Temple   | Entered the Ecumenical Temple
  5581 | D:5      | Found a deep blue altar of Sif Muna.
  5783 | D:6      | Reached skill level 1 in Hexes
  5862 | D:6      | Noticed awk's ghost (novice DsBe)
  6568 | D:6      | Found a blossoming altar of Fedhas.
  6764 | D:6      | Reached skill level 1 in Air Magic
  6764 | D:6      | Reached XP level 8. HP: 10/41 MP: 1/16
  7377 | D:7      | Offered knowledge of Throw Frost by Vehumet.
  7546 | D:7      | Reached skill level 5 in Air Magic
  8228 | D:7      | Reached *** piety under Vehumet
  8370 | D:7      | Reached skill level 7 in Summonings
  8453 | D:8      | Found an opulent altar of Gozag.
  8490 | D:8      | Noticed Grum
  8516 | D:8      | Reached XP level 9. HP: 38/45 MP: 4/18
  9309 | D:8      | Reached skill level 8 in Summonings
  9466 | D:8      | Offered knowledge of Dazzling Spray by Vehumet.
  9487 | D:8      | Found a shadowy altar of Dithmenos.
  9693 | D:8      | Noticed Psyche
  9736 | D:8      | Killed Psyche
  9746 | D:8      | Gained mutation: You occasionally shout uncontrollably at your foes. [mutagenic glow]
 10167 | D:8      | Learned a level 3 spell: Dazzling Spray
 10243 | D:9      | Found a staircase to the Lair.
 10254 | D:9      | Slain by a yak

Skill      XL: |  1  2  3  4  5  6  7  8  9 |
---------------+----------------------------+-----
Summonings     | 5 6 7 8 |  8.9
Dodging        | 3 4 5 |  5.0
Spellcasting   | 3 4 5 6 |  6.7
Hexes          | 3 4 |  4.0
Air Magic      | 1 6 |  6.4
Stealth        | |  2.0

Action                   |  1- 3 |  4- 6 |  7- 9 || total
-------------------------+-------+-------+-------++-------
Melee: Unarmed           |    10 |       |     6 ||    16
       Peck              |     3 |    10 |    29 ||    42
       Short sword       |    25 |    83 |   158 ||   266
       Kick              |     5 |    17 |    46 ||    68
       Trident           |       |     4 |    58 ||    62
       Falchion          |       |       |     2 ||     2
 Fire: Hunting sling     |       |    60 |    50 ||   110
Throw: Stone             |     3 |       |     5 ||     8
       Tomahawk          |       |       |     1 ||     1
 Cast: Summon Small Mamm |    16 |       |       ||    16
       Call Imp          |    18 |    39 |   103 ||   160
       Confuse           |       |       |    11 ||    11
       Summon Guardian G |       |       |     8 ||     8
       Summon Lightning  |       |       |     6 ||     6
       Dazzling Spray    |       |       |     2 ||     2
 Abil: Evoke Invisibilit |       |       |     1 ||     1
  Use: Potion            |       |     2 |     2 ||     4
       Scroll            |       |     3 |    18 ||    21
 Stab: Sleeping          |     5 |     3 |     4 ||    12
       Distracted        |       |       |     4 ||     4
       Confused          |       |       |     3 ||     3
  Eat: Bread ration      |     1 |       |       ||     1
       Chunk             |     2 |     8 |    17 ||    27
       Fruit             |       |     1 |     1 ||     2
       Pizza             |       |       |     1 ||     1
Armor: Robe              |     4 |    27 |     8 ||    39
       Skin              |       |     2 |     4 ||     6
       Leather armour    |       |       |    59 ||    59
Dodge: Dodged            |    26 |    97 |   233 ||   356
